 Dungeon Crawl Stone Soup version 0.27-a0-1230-gfc7c993222 (webtiles) character file.

Game seed: 6222282944673236077

172 27snakeeyes612 the Chopper (level 5, -1/49 HPs)
             Began as a Naga Fighter on June 8, 2021.
             Was an Initiate of Makhleb.
             Killed by divine providence
             ... invoked by an orc priest
              (10 damage)
             ... on level 4 of the Dungeon.
             The game lasted 00:02:56 (3989 turns).

27snakeeyes612 the Chopper (Naga Fighter)           Turns: 3989, Time: 00:02:57

Health: -1/49      AC: 10    Str: 19    XL:     5   Next: 53%
Magic:  5/5        EV:  5    Int:  8    God:    Makhleb [......]
Gold:   146        SH:  9    Dex: 11    Spells: 4/4 levels left

rFire    . . .     SeeInvis +   a - +0 war axe
rCold    . . .     Faith    .   c - +0 kite shield
rNeg     . . .     Spirit   .   b - +0 scale mail
rPois    +         Reflect  .   r - +2 helmet
rElec    .         Harm     .   g - +0 cloak
rCorr    .         Rampage  .   k - +0 pair of gloves
Will     .....                  (no barding)
Stlth    ..........             (no amulet)
HPRegen  0.16/turn              (no ring)
MPRegen  0.09/turn              (no ring)

@: very slow
A: AC +1, large, see invisible, deformed body, poison resistance, slowness 2,
spit poison 1, naga tail 1
a: Spit Poison, Renounce Religion


You were on level 4 of the Dungeon.
You worshipped Makhleb.
Makhleb was noncommittal.
You visited 2 branches of the dungeon, and saw 5 of its levels.

You collected 146 gold pieces.

Inventory:

Hand Weapons
 a - a +0 war axe (weapon)
Armour
 b - a +0 scale mail (worn)
 c - a +0 kite shield (worn)
 g - a +0 cloak (worn)
 k - a +0 pair of gloves (worn)
 q - a +0 plate armour
 r - a +2 helmet (worn)
Scrolls
 e - a scroll of noise {unknown}
 f - a scroll of identify {unknown}
 h - 2 scrolls of magic mapping {unknown}
 j - a scroll of amnesia {unknown}
 l - 4 scrolls of teleportation {unknown}
 o - 3 scrolls of immolation {unknown}
Potions
 d - a potion of might
 i - 2 potions of brilliance {unknown}
 m - 2 potions of curing {unknown}
 n - a potion of degeneration {unknown}
 p - a potion of haste {unknown}


   Skills:
 + Level 3.5 Fighting
 + Level 3.5 Axes
 + Level 3.1 Armour
 + Level 1.0 Dodging
 + Level 1.4 Stealth
 + Level 3.0 Shields


You had 4 spell levels left.
You didn't know any spells.
Your spell library contained the following spells:

 Spells                   Type           Power      Damage    Failure   Level
 Shock                    Conj/Air       0%         1d3       99%         1
 Static Discharge         Conj/Air       0%         N/A       100%        2
 Swiftness                Air            0%         N/A       100%        3
 Airstrike                Air            0%         N/A       100%        4
 Lightning Bolt           Conj/Air       0%         1d11      100%        5


Dungeon Overview and Level Annotations

Branches:
Dungeon (4/15)             Temple (1/1) D:4

Altars:
Fedhas
Gozag
Hepliaklqana
Kikubaaqudgha
Makhleb
Nemelex Xobeh
Okawaru
Qazlal
Trog
The Shining One


Innate Abilities, Weirdness & Mutations

Your serpentine skin is tough. (AC +1)
You have supernaturally acute eyesight. (SInv)
Armour fits poorly on your strangely shaped body.
Your system is resistant to poisons. (rPois)
You cover ground very slowly.
You can spit poison.
You have a snake-like lower body.


Message History

You hit the orc priest but do no damage.
The orc wizard hits you but does no damage.
The orc hits you but does no damage. You block the orc priest's attack.
The orc wizard hits you but does no damage.
You closely miss the orc priest.
The orc priest is heavily wounded.
You closely miss the orc wizard. You hit the orc.
The orc hits you but does no damage.
The orc priest hits you but does no damage.
You block the orc wizard's attack. The orc hits you with a +0 dagger.
The orc priest closely misses you.
You hit the orc priest but do no damage.
The orc priest is heavily wounded.
You hit the orc wizard. You hit the orc.
The orc wizard gestures at you while chanting.
The puff of flame hits you but does no damage.
You block the orc's attack. You block the orc priest's attack.
The orc wizard hits you but does no damage.
You hit the orc priest.
The orc priest is almost dead.
You closely miss the orc wizard. You hit the orc.
You kill the orc!
Makhleb accepts your kill. The orc priest barely misses you.
You block the orc wizard's attack.
The orc priest calls down the wrath of Beogh upon you.
Beogh smites you!
* * * LOW HITPOINT WARNING * * *
The orc wizard barely misses you.
You closely miss the orc priest.
The orc priest is almost dead.
You miss the orc wizard. You block the orc priest's attack.
You block the orc wizard's attack.
You hit the orc priest but do no damage.
The orc priest is almost dead.
You closely miss the orc wizard.
The orc priest looks satisfied for a moment.
The orc wizard hits you but does no damage.
The orc priest mumbles some strange prayers to Beogh against you.
Beogh smites you!
You die...

...#.# ###....#####
....#...... ##.
#...#...... .... .#.#
#.......... ....
#.#.# #..........
.#.# #.#.#
##.oo....<.. ##
#.#.###...@)....[.
####...P##.###.....##
####...##.###.#
.....#
..##'#.#...#..#
.....#
#.#......>....#
.......
..#....#...#.##
#######
.)[....##.####
.#)#####..P# ....#
#...#


You could see an orc priest and an orc wizard (invisible).

Vanquished Creatures
  An orc priest (D:4)
  A jelly (D:4)
  3 adders (D:3)
  4 worms
  2 dart slugs (D:2)
  7 orcs (D:4)
  8 ball pythons
  3 endoplasms
  A giant cockroach (D:3)
  3 goblins
  4 hobgoblins
  6 jackals
  5 kobolds
  A quokka (D:2)
  5 bats
  6 frilled lizards
  10 rats
70 creatures vanquished.

Vanquished Creatures (others)
  6 plants (D:4)
6 creatures vanquished.

Grand Total: 76 creatures vanquished

Notes
Turn   | Place    | Note
-------+----------+-------------------------------------------
     0 | D:1      | 27snakeeyes612 the Naga Fighter began the quest for the
                  | Orb.
     0 | D:1      | Reached XP level 1. HP: 21/21 MP: 1/1
   109 | D:1      | Found a faded altar of an unknown god.
   325 | D:1      | Reached XP level 2. HP: 28/28 MP: 2/2
  1193 | D:2      | Reached XP level 3. HP: 32/34 MP: 3/3
  2520 | D:3      | Reached XP level 4. HP: 42/42 MP: 4/4
  2727 | D:3      | Found an ancient bone altar of Kikubaaqudgha.
  3241 | D:3      | Reached skill level 1 in Stealth
  3482 | D:4      | Reached XP level 5. HP: 27/49 MP: 5/5
  3684 | D:4      | Reached skill level 1 in Dodging
  3691 | D:4      | Found a staircase to the Ecumenical Temple.
  3896 | Temple   | Entered the Ecumenical Temple
  3940 | Temple   | Became a worshipper of Makhleb the Destroyer
  3989 | D:4      | Killed from afar by an orc priest

Illustrated notes

Levels and vault maps discovered:
D:1:      amcnicky_arrival_gap_in_the_tavern_cellar, layout_loops_ring,
          ebering_ecumenical_altar_petrified, minmay_rat_gold_closets
D:2:      layout_basic
D:3:      layout_loops_corners, lemuel_crystal_altar
D:4:      layout_basic, old_standard_altar, nicolae_dithmenos_shadow_blocks,
          general_overflow_altar, amcnicky_altar_gilded,
          minmay_temple_entry_gardened_gates, item_on_display_a
Temple:   nicolae_temple_hex_pool

Skill      XL: |  1  2  3  4  5 |
---------------+----------------+-----
Axes           | 3 |  3.5
Armour         | 3 |  3.1
Stealth        | 1 |  1.4
Dodging        | 1 |  1.0
Shields        | 3 |  3.0
Fighting       | |  3.5

Action                   |  1- 3 |  4- 6 || total
-------------------------+-------+-------++-------
Melee: War axe           |   141 |   102 ||   243
 Abil: Spit Poison       |     4 |       ||     4
Armor: Scale mail        |    68 |    85 ||   153
Dodge: Dodged            |    27 |    28 ||    55
Block: Kite shield       |    72 |    65 ||   137

Table legend: (Time is in decaauts)
 A = Elapsed time spent in this place.
 B = Non-inter-level travel time spent in this place.
 C = Inter-level travel time spent in this place.
 D = Time resting spent in this place.
 E = Time spent auto-exploring this place.
 F = Levels seen in this place.
 G = Mean time per level.
                   A        B        C        D        E       F      G
               +--------+--------+--------+--------+--------+-----+--------+
         Total |   5033 |   4756 |    277 |      0 |   4090 |   5 | 1006.6 |
       Dungeon |   4929 |   4691 |    238 |      0 |   4035 |   4 | 1232.2 |
        Temple |    103 |     64 |     39 |      0 |     54 |   1 |  103.0 |
               +--------+--------+--------+--------+--------+-----+--------+

Top non-repeatable levels by time:
     D:3: 1587 daAuts
     D:2: 1477 daAuts
     D:1: 1392 daAuts
     D:4: 471 daAuts
  Temple: 103 daAuts
